 Dungeon Crawl Stone Soup version 0.23-a0-635-g88ca12a (webtiles) character file.

169 zishaf the Conjurer (level 5, -5/28 HPs)
             Began as a Deep Elf Conjurer on Dec 27, 2018.
             Killed by divine providence
             ... invoked by an orc priest
              (14 damage)
             ... on level 3 of the Dungeon.
             The game lasted 00:06:10 (2403 turns).

zishaf the Conjurer (Deep Elf Conjurer)             Turns: 2403, Time: 00:06:11

Health: -5/28      AC:  4    Str:  5    XL:     5   Next: 25%
Magic:  11/13      EV: 14    Int: 21    God:
Gold:   256        SH:  0    Dex: 15    Spells: 6/12 levels left

rFire    . . .     SeeInvis .   g - +0 hunting sling
rCold    . . .     Gourm    .   (no shield)
rNeg     . . .     Faith    .   a - +0 robe
rPois    .         Spirit   .   i - +0 helmet
rElec    .         Reflect  .   (no cloak)
rCorr    .         Harm     +   l - +0 pair of gloves
MR       .....                  (no boots)
Stlth    +++.......             p - amulet of harm
HPRegen  0.09/turn              (no ring)
MPRegen  0.13/turn              (no ring)

@: no status effects
A: no striking features
a: no special abilities


You were on level 3 of the Dungeon.
You were not hungry.

You visited 1 branch of the dungeon, and saw 3 of its levels.

You collected 256 gold pieces.

Inventory:

Hand Weapons
 g - a +0 hunting sling (weapon)
 q - a +1 dagger of venom
Missiles
 j - 97 stones (quivered)
Armour
 a - a +0 robe (worn)
 i - a +0 helmet (worn)
 l - a +0 pair of gloves (worn)
Jewellery
 m - an uncursed ring of fire
 p - an amulet of harm (around neck)
Scrolls
 e - 2 scrolls of remove curse {unknown}
 n - 2 scrolls of fog {unknown}
 o - 4 scrolls of identify {unknown}
Potions
 b - 2 potions of lignification {unknown}
 d - 2 potions of flight {unknown}
 f - a potion of haste {unknown}
 k - a potion of might {unknown}
Comestibles
 c - 6 rations


   Skills:
 + Level 3.6 Dodging
 + Level 3.7 Stealth
 + Level 4.0 Spellcasting
 * Level 5.6 Conjurations
 + Level 1.7 Hexes


You had 6 spell levels left.
You knew the following spells:

 Your Spells              Type           Power        Failure   Level  Hunger
a - Magic Dart            Conj           ####         1%          1    None
b - Searing Ray           Conj           ####..       1%          2    #......
c - Dazzling Spray        Conj/Hex       ###...       8%          3    ###....

Your spell library contained the following spells:

 Spells                   Type           Power        Failure   Level  Hunger
 Iskenderun's Mystic Bla  Conj           ####....     12%         4    ####...
 Fulminant Prism          Conj/Hex       ###.......   26%         4    ####...
 Force Lance              Conj/Tloc      ###.....     36%         4    ####...


Dungeon Overview and Level Annotations

Branches:
Dungeon (3/15)

Altars:
Ru
Zin


Message History

Confirm with . or Enter, or press ? or * to list all spells.
Aiming: Magic Dart (safe; 1% risk of failure)
Press: ? - help, Shift-Dir - straight line, f - orc
Aim: an orc, wielding a -1 whip The magic dart hits the orc.
The orc is lightly wounded.
The orc priest calls down the wrath of Beogh upon you.
Beogh smites you!
Ouch! That really hurt!
Casting: Magic Dart (safe; 1% risk of failure)
Confirm with . or Enter, or press ? or * to list all spells.
Aiming: Magic Dart (safe; 1% risk of failure)
Press: ? - help, Shift-Dir - straight line, f/p - orc
Aim: an orc, wielding a -1 whip (lightly wounded)
The magic dart hits the orc.
You kill the orc!
The orc priest calls down the wrath of Beogh upon you.
Beogh smites you!
Ouch! That really hurt!
You die...

#.<.......# .. o.
#.#.#####.# #.# .#
#.#.# #.# o# #.#.# #.#
.# ....# #.# o###.#..#
.# #.# .##.....#
....###.####o##.##.##
# #.........@.##.##.#
#.
..####.#######.##≈##
#.## #.# #.#.≈≈## #...
#.#######.#≈.≈≈######.
#..........≈..≈.......
#########≈≈≈##≈≈#####.
#.##.##≈#####.
#...≈..≈......
#.#≈≈####.####


You could see an orc priest and 3 orcs.

Vanquished Creatures
  2 orc priests (D:3)
  An orc wizard (D:3)
  2 adders
  2 worms
  A dart slug (D:2)
  5 orcs (D:3)
  8 bats
  A giant cockroach (D:1)
  6 hobgoblins
  4 jackals (D:1)
  4 frilled lizards
  5 goblins
  11 kobolds
  5 rats
57 creatures vanquished.

Notes
Turn   | Place    | Note
-------+----------+-------------------------------------------
     0 | D:1      | zishaf the Deep Elf Conjurer began the quest for the Orb.
     0 | D:1      | Reached XP level 1. HP: 10/10 MP: 6/6
   113 | D:1      | Reached XP level 2. HP: 15/15 MP: 1/8
   267 | D:1      | Learned a level 2 spell: Searing Ray
   522 | D:1      | Reached XP level 3. HP: 19/19 MP: 1/9
   527 | D:1      | Learned a level 3 spell: Dazzling Spray
   995 | D:2      | Reached skill level 5 in Conjurations
  1819 | D:3      | Found a sacrificial altar of Ru.
  1851 | D:3      | Reached XP level 4. HP: 24/24 MP: 7/11
  1953 | D:3      | Reached skill level 1 in Hexes
  2151 | D:3      | Reached XP level 5. HP: 22/28 MP: 5/13
  2323 | D:3      | Found a glowing silver altar of Zin.
  2323 | D:3      | Noticed an angel
  2403 | D:3      | Killed from afar by an orc priest

Vault maps used:
D:1:      minmay_arrival_cross
D:2:      first_ration, minmay_misc_feat_chi
D:3:      cheibrodos_helix_gallery, zin_angel, vehumet_crystals,
          gammafunk_ghost_gnarly_gnolls, serial_rivers,
          chequers_serial_rivers_micro_a, chequers_serial_rivers_marsh,
          chequers_serial_rivers_small_a, chequers_serial_rivers_small_b,
          hangedman_ru_absence

Skill      XL: |  1  2  3  4 |
---------------+-------------+-----
Dodging        | 3 |  3.6
Stealth        | 3 |  3.7
Conjurations   | 5 |  5.6
Hexes          | 1 |  1.7
Spellcasting   | 4 |  4.0

Action                   |  1- 3 |  4- 6 || total
-------------------------+-------+-------++-------
 Fire: Hunting sling     |    31 |    21 ||    52
 Cast: Magic Dart        |    62 |    29 ||    91
       Dazzling Spray    |       |     1 ||     1
  Eat: Chunk             |     2 |     2 ||     4
Armor: Robe              |     3 |     3 ||     6
Dodge: Dodged            |    17 |     8 ||    25

Table legend:
 A = Non-vault XP
 B = Vault XP
 C = Vault XP percentage of total XP
 D = Non-vault monster count
 E = Vault monster count
 F = Vault count percentage of total count
                 A         B        C        D         E       F
            +---------+---------+-------+---------+---------+-------
      Total |     238 |       4 |   1.7 |      55 |       2 |   3.5
            +---------+---------+-------+---------+---------+-------
        D:1 |      45 |       0 |   0.0 |      27 |       0 |   0.0
        D:2 |      35 |       0 |   0.0 |      12 |       0 |   0.0
        D:3 |     158 |       4 |   2.5 |      16 |       2 |  11.1
            +---------+---------+-------+---------+---------+-------
